 Dungeon Sprint DCSS version 0.30.1-4-g462c640d31 (webtiles) character file.

Game seed: 12663843635367547097

963 Heoruswealwe the Grappler (level 7, 0/78 HPs)
             Began as a Troll Berserker on Sept 8, 2023.
             Was a Priest of Trog.
             Slain by a sun demon (8 damage)
             ... summoned by a kobold demonologist
             ... in the Dungeon (Sprint I: "Red Sonja").
             The game lasted 00:03:03 (171 turns).

Heoruswealwe the Grappler (Troll Berserker)          Turns: 171, Time: 00:03:03

Health: 0/78       AC:  4    Str: 28    XL:     7   Next: 92%
Magic:  10/11      EV: 11    Int:  3    God:    Trog [***...]
Gold:   468        SH:  0    Dex:  9    Spells: 6/6 levels left

rFire   . .          .
                       - Unarmed
rCold   . . .        (no shield)
rNeg    . . .        a - +0 animal skin
rPois   .            (helmet restricted)
rElec   .            (no cloak)
rCorr   .            (gloves unavailable)
SInv    .            (boots unavailable)
Will    .....        (no amulet)
Stlth   +            (no ring)
HPRegen 1.13/turn    (no ring)
MPRegen 0.12/turn

%: no teleportation
@: no status effects
A: large, unfitting armour, claws 3, regeneration 1, shaggy fur 1, tough skin 1
a: Renounce Religion, Berserk, Trog's Hand


You were in the Dungeon.
You worshipped Trog.
Trog was most pleased with you.
You visited 1 branch You collected 468 gold pieces.

Inventory:

Armour
 a - a +0 animal skin (worn)
Wands
 h - a wand of digging (1)
Scrolls
 g - a scroll of blinking
Potions
 d - a potion of haste
 f - a potion of berserk rage


   Skills:
 + Level 7.0 Fighting
 + Level 7.0 Dodging
 * Level 11.4 Unarmed Combat
 + Level 7.0 Invocations


You had 6 spell levels left.
You didn't know any spells.
Your spell library was empty.

Dungeon Overview and Level Annotations

Branches:
Dungeon (1/1)

Altars:
Cheibriados
Dithmenos
Elyvilon
Fedhas
Gozag
Hepliaklqana
Kikubaaqudgha
Makhleb
Nemelex Xobeh
Okawaru
Qazlal
Ru
Sif Muna
Trog
Uskayaw
Vehumet
Wu Jian
Xom
Yredelemnul
Zin
The Shining One
Jiyva
Lugonu

Shops:
D !


Innate Abilities, Weirdness & Mutations

You are too large for most types of armour.
You have claws for hands.
Your natural rate of healing is unusually fast.
You are covered in fur. (AC +1)
You have tough skin. (AC +1)


Message History

Trog appreciates your killing of a magic user.
Your Fighting skill increases to level 7!
Your Dodging skill increases to level 7!
Your Unarmed Combat skill increases to level 11!
Your Invocations skill increases to level 7!
You closely miss the kobold demonologist.
The kobold demonologist looks satisfied for a moment.
The sun demon hits you!
You are engulfed in flames!
You claw the kobold demonologist!
The kobold demonologist is moderately wounded.
The kobold demonologist hits you but does no damage.
You closely miss the kobold demonologist.
The kobold demonologist is moderately wounded.
The sun demon hits you!!
You are engulfed in flames!
* * * LOW HITPOINT WARNING * * *
The kobold demonologist hits you but does no damage.
You barely miss the kobold demonologist.
The kobold demonologist is moderately wounded.
The sun demon hits you.
* * * LOW HITPOINT WARNING * * *
You are engulfed in flames!
* * * LOW HITPOINT WARNING * * *
The kobold demonologist hits you with a +0 dagger.
* * * LOW HITPOINT WARNING * * *
You feel much better.
The sun demon hits you but does no damage.
The sun demon hits you.
* * * LOW HITPOINT WARNING * * *
You are engulfed in flames!
* * * LOW HITPOINT WARNING * * *
The kobold demonologist barely misses you.
You feel better. The sun demon closely misses you.
You barely miss the sun demon. The sun demon hits you.
* * * LOW HITPOINT WARNING * * *
You are engulfed in flames!
* * * LOW HITPOINT WARNING * * *
You scratch the sun demon.
The sun demon is lightly wounded.
The sun demon hits you!
You die...

######################
..)..#.)'..#__#.@3K..#
..#..'..#..'..'..#5..#
####'#####'#__####...+
###..#...#(#### ####
__####..##[#
_____##'#_.+
_.∩...'..._#
_..__##_.#'#
_____###+#.#


You could see a sun demon (summoned), a kobold demonologist and a shadow imp
(summoned).

Vanquished Creatures
  A kobold demonologist (D)
  A slime creature (D)
  A yak (D)
  Sigmund (D)
  A floating eye (D)
  An ogre (D)
  A jelly (D)
  Ijyb (D)
8 creatures vanquished.

Notes
Turn   | Place    | Note
-------+----------+-------------------------------------------
     0 | D        | Heoruswealwe the Troll Berserker began the quest for the
                  | Orb.
     0 | D        | Reached XP level 1. HP: 22/22 MP: 0/0
     1 | D        | Noticed Ijyb
    14 | D        | Killed Ijyb
    15 | D        | Reached skill level 4 in Unarmed Combat
    15 | D        | Reached XP level 2. HP: 25/31 MP: 0/2
    38 | D        | Noticed an ogre
    43 | D        | Killed an ogre
    44 | D        | Reached skill level 6 in Unarmed Combat
    44 | D        | Reached XP level 3. HP: 36/39 MP: 2/4
    44 | D        | Reached XP level 4. HP: 45/48 MP: 2/5
    53 | D        | Noticed Sigmund
    58 | D        | Killed Sigmund
    58 | D        | Reached ** piety under Trog
    59 | D        | Reached skill level 5 in Fighting
    59 | D        | Reached skill level 5 in Dodging
    59 | D        | Reached skill level 8 in Unarmed Combat
    59 | D        | Reached XP level 5. HP: 50/57 MP: 3/7
    70 | D        | Found an ornate altar of the Wu Jian Council.
    70 | D        | Found a shimmering blue altar of Sif Muna.
    72 | D        | Found a radiant altar of Vehumet.
    76 | D        | Reached skill level 5 in Invocations
    76 | D        | Reached XP level 6. HP: 65/66 MP: 4/8
   103 | D        | Found Koges's Distillery.
   103 | D        | Found an ancient bone altar of Kikubaaqudgha.
   103 | D        | Found a hazy altar of Hepliaklqana.
   103 | D        | Found a stormy altar of Qazlal.
   103 | D        | Found a hide-covered altar of Uskayaw.
   103 | D        | Found a blossoming altar of Fedhas.
   103 | D        | Found a bloodstained altar of Trog.
   103 | D        | Found an iron altar of Okawaru.
   103 | D        | Found a basalt altar of Yredelemnul.
   103 | D        | Found a glowing golden altar of the Shining One.
   103 | D        | Found a snail-covered altar of Cheibriados.
   103 | D        | Found a sacrificial altar of Ru.
   103 | D        | Found a glowing silver altar of Zin.
   103 | D        | Found a shadowy altar of Dithmenos.
   103 | D        | Found a white marble altar of Elyvilon.
   103 | D        | Noticed a yak
   108 | D        | Killed a yak
   109 | D        | Reached skill level 9 in Unarmed Combat
   109 | D        | Found an opulent altar of Gozag.
   110 | D        | Found a sparkling altar of Nemelex Xobeh.
   125 | D        | Found a burning altar of Makhleb.
   125 | D        | Found a viscous altar of Jiyva.
   125 | D        | Found a shimmering altar of Xom.
   125 | D        | Found a corrupted altar of Lugonu.
   125 | D        | Noticed a slime creature
   134 | D        | Killed a slime creature
   134 | D        | Reached *** piety under Trog
   135 | D        | Reached skill level 10 in Unarmed Combat
   135 | D        | Reached XP level 7. HP: 66/76 MP: 10/10
   156 | D        | Noticed a kobold demonologist
   157 | D        | Noticed a kobold demonologist
   159 | D        | Noticed a sun demon
   162 | D        | Killed a kobold demonologist
   163 | D        | Reached skill level 11 in Unarmed Combat
   166 | D        | HP: 3/78 [kobold demonologist/+0 dagger (3)]
   171 | D        | Slain by a sun demon

Illustrated notes

Levels and vault maps discovered:
D:        dungeon_sprint_1 [red_sonja_temple_1, red_sonja_temple_small_1]

Skill      XL: |  1  2  3  4  5  6  7 |
---------------+----------------------+-----
Fighting       | 3 4 5 6 7 |  7.0
Dodging        | 3 4 5 6 7 |  7.0
Unarmed Combat | 4 6 8 10 11 | 11.4
Invocations    | 2 3 4 5 6 7 |  7.0

Action                     |  1- 3 |  4- 6 |  7- 9 || total
---------------------------+-------+-------+-------++-------
  Melee: Unarmed           |    16 |    18 |    11 ||    45
         Punch             |       |     2 |     1 ||     3
  Evoke: Wand              |     1 |       |       ||     1
    Use: Potion            |       |       |     2 ||     2
 Armour: Animal skin       |     3 |     2 |     3 ||     8
  Dodge: Dodged            |     4 |     5 |     4 ||    13
